 Dungeon Crawl Stone Soup version 0.26.1-2-gb8aa6d0cf2 (webtiles) character file.

Game seed: 287626800743592325

67 dohliylev the Skirmisher (level 3, -3/34 HPs)
             Began as a Minotaur Abyssal Knight on Mar 24, 2021.
             Was a Follower of Lugonu.
             Slain by an ice beast (6 damage)
             ... on level 2 of the Dungeon.
             The game lasted 00:03:38 (1399 turns).

dohliylev the Skirmisher (Minotaur Abyssal Knight)  Turns: 1399, Time: 00:03:39

Health: -3/34      AC: 11    Str: 17    XL:     3   Next: 98%
Magic:  3/3        EV:  9    Int:  5    God:    Lugonu [*.....]
Gold:   70         SH:  0    Dex:  9    Spells: 2/2 levels left

rFire    . . .     SeeInvis .   a - +1 hand axe
rCold    . . .     Faith    .   (no shield)
rNeg     + . .     Spirit   .   i - +0 pearl dragon scales
rPois    .         Reflect  .   (helmet restricted)
rElec    .         Harm     .   (no cloak)
rCorr    .         Rampage  .   (no gloves)
Will     .....                  (no boots)
Stlth    ..........             (no amulet)
HPRegen  0.11/turn              c - -4 ring of intelligence (curse)
MPRegen  0.08/turn              (no ring)

@: no status effects
A: retaliatory headbutt, horns 2
a: Renounce Religion, Depart the Abyss


You were on level 2 of the Dungeon.
You worshipped Lugonu.
Lugonu was aware of your devotion.
You visited 1 branch of the dungeon, and saw 2 of its levels.
You visited the Abyss 1 time.

You collected 70 gold pieces.

Inventory:

Hand Weapons
 a - a +1 hand axe (weapon)
Armour
 i - +0 pearl dragon scales (worn)
Jewellery
 c - a cursed -4 ring of intelligence (left hand)
Scrolls
 d - a scroll of remove curse {unknown}
 e - 2 scrolls of teleportation {unknown}
 f - 2 scrolls of identify {unknown}
 g - a scroll of blinking {unknown}
Potions
 h - a potion of might {unknown}


   Skills:
 + Level 4.5 Fighting
 + Level 3.4 Axes
 + Level 3.2 Armour
 + Level 1.7 Dodging
 + Level 1.9 Invocations


You had 2 spell levels left.
You didn't know any spells.
Your spell library was empty.

Dungeon Overview and Level Annotations

Branches:
Dungeon (2/15)

Altars:


Innate Abilities, Weirdness & Mutations

You reflexively headbutt those who attack you in melee.
You have a pair of horns on your head.


Message History

You barely miss the ice beast. Your headbutt misses the ice beast.
The ice beast is severely wounded.
The ice beast hits you but does no damage.
The ice beast barely misses you.
You barely miss the ice beast.
The ice beast is severely wounded.
The ice beast hits you but does no damage.
You barely miss the ice beast.
The ice beast is severely wounded.
The ice beast completely misses you.
You hit the ice beast.
You headbutt the ice beast, but do no damage.
The ice beast is severely wounded.
The ice beast barely misses you.
You barely miss the ice beast.
The ice beast is severely wounded.
The ice beast hits you.
* * * LOW HITPOINT WARNING * * *
The ice beast freezes you.
You die...

### ### ### #.####.#
#########.# #..†Y@<#
#.........#
#.########.#######.#
...#............# #.#
#..#..#######.#.#####.#
#..#..(.# #.#.....#.#
#####..#.##.#
#.#.......#
(......#.##.#
#.#.......# .....#.##.#
#.#.......# ###..#....#
#.#.......#


You could see an ice beast.

Vanquished Creatures
  An orc wizard (D:2)
  A worm (D:2)
  2 dart slugs (D:1)
  2 leopard geckos
  2 orcs (D:2)
  3 bats (D:1)
  A giant cockroach (D:1)
  6 goblins
  2 hobgoblins (D:1)
  3 kobolds (D:1)
  2 quokkas (D:2)
  A frilled lizard (D:1)
  3 rats
29 creatures vanquished.

Notes
Turn   | Place    | Note
-------+----------+-------------------------------------------
     0 | Abyss:1  | dohliylev the Minotaur Abyssal Knight began the quest for
                  | the Orb.
     0 | Abyss:1  | Reached XP level 1. HP: 19/19 MP: 1/1
    48 | Abyss:1  | Noticed an air elemental
    50 | D:1      | Escaped the Abyss
    86 | D:1      | Reached * piety under Lugonu
   223 | D:1      | Reached XP level 2. HP: 27/27 MP: 2/2
   342 | D:1      | Reached skill level 4 in Fighting
  1121 | D:2      | Reached XP level 3. HP: 31/33 MP: 3/3
  1360 | D:2      | Noticed an ice beast
  1399 | D:2      | Slain by an ice beast

Illustrated notes

Levels and vault maps discovered:
D:1:      heliophobic_arrival_ceremonial_halls, layout_loops_ring, st_stairs_8
D:2:      minmay_chambers_of_twos, layout_basic

Skill      XL: |  1  2 |
---------------+-------+-----
Axes           | 3 |  3.4
Fighting       | 4 |  4.5
Armour         | 3 |  3.2
Dodging        | |  1.7
Invocations    | |  1.9

Action                   || total
-------------------------++-------
Melee: Hand axe          ||    85
       Headbutt          ||    11
Invok: Depart the Abyss  ||     1
Armor: Leather armour    ||    17
       Pearl dragon scal ||    28
Dodge: Dodged            ||    49
